 Dungeon Crawl Stone Soup version 0.28.0-1-gb440e238dd (webtiles) character file.

Game seed: 1697549481019499747

98 Ablot the Grasshopper (level 4, -11/38 HPs)
             Began as a Gnoll Warper on Feb 22, 2022.
             Killed from afar by Ijyb (16 damage)
             ... with a bolt of acid
             ... on level 3 of the Dungeon.
             The game lasted 00:03:28 (2300 turns).

Ablot the Grasshopper (Gnoll Warper)                Turns: 2300, Time: 00:03:29

Health: -11/38     AC:  6    Str: 13    XL:     4   Next: 71%
Magic:  11/11      EV: 11    Int: 12    God:
Gold:   82         SH:  0    Dex: 11    Spells: 11/13 levels left

rFire   . . .      SeeInvis .   g - +2 dagger (venom)
rCold   . . .      Faith    .   (no shield)
rNeg    . . .      Spirit   .   f - +0 ring mail
rPois   .          Reflect  .   o - +0 helmet
rElec   .          Harm     .   (no cloak)
rCorr   .          Rampage  .   (no gloves)
Will    .....                   (no boots)
Stlth   +.........              h - amulet of the acrobat
HPRegen 0.12/turn               (no ring)
MPRegen 0.12/turn               (no ring)

@: no status effects
A: fangs 1, strong nose, distributed training
a: no special abilities


You were on level 3 of the Dungeon.
You visited 1 branch of the dungeon, and saw 3 of its levels.

You collected 82 gold pieces.

Inventory:

Hand Weapons
 a - a +0 trident
 g - a +2 dagger of venom (weapon)
Missiles
 d - 5 boomerangs of dispersal (quivered)
 l - 33 stones
 m - 20 arrows
Armour
 b - a +0 leather armour
 f - a +0 ring mail (worn)
 o - a +0 helmet (worn)
Jewellery
 h - an amulet of the acrobat (around neck)
Scrolls
 c - a scroll of blinking
 e - a scroll of amnesia {unknown}
 j - a scroll of magic mapping {unknown}
 n - a scroll of silence {unknown}
Potions
 i - 2 potions of flight {unknown}
 k - a potion of brilliance {unknown}


   Skills:
 + Level 4.7 Fighting
 + Level 1.2 Short Blades
 + Level 1.2 Long Blades
 + Level 1.2 Axes
 + Level 1.2 Maces & Flails
 + Level 4.7 Polearms
 + Level 1.2 Staves
 + Level 1.2 Slings
 + Level 1.2 Bows
 + Level 1.2 Crossbows
 + Level 2.8 Throwing
 + Level 2.8 Armour
 + Level 4.7 Dodging
 + Level 1.2 Stealth
 + Level 1.2 Shields
 + Level 1.2 Unarmed Combat
 + Level 5.1 Spellcasting
 + Level 1.0 Conjurations
 + Level 1.0 Hexes
 + Level 1.0 Summonings
 + Level 1.0 Necromancy
 + Level 5.5 Translocations
 + Level 1.0 Transmutations
 + Level 1.0 Fire Magic
 + Level 1.0 Ice Magic
 + Level 1.0 Air Magic
 + Level 1.0 Earth Magic
 + Level 1.0 Poison Magic
 + Level 1.3 Invocations
 + Level 1.2 Evocations


You had 11 spell levels left.
You knew the following spells:

 Your Spells              Type           Power      Damage    Failure   Level
a - Blink                 Tloc           32%        N/A       6%          2

Your spell library contained the following spells:

 Spells                   Type           Power      Damage    Failure   Level
 Gell's Gravitas          Tloc           16%        N/A       13%         3
 Lesser Beckoning         Tloc           16%        N/A       13%         3
 Teleport Other           Tloc           16%        N/A       13%         3
 Freeze                   Ice            20%        1d4       26%         1
 Slow                     Hex            20%        N/A       26%         1
 Confusing Touch          Hex            5%         N/A       63%         3
 Frozen Ramparts          Ice            10%        1d3       63%         3
 Vampiric Draining        Necr           5%         2d6       63%         3
 Manifold Assault         Tloc           16%        N/A       75%         5
 Hailstorm                Conj/Ice       5%         3d4       95%         4


Dungeon Overview and Level Annotations

Branches:
Dungeon (3/15)

Altars:
Trog

Annotations:
D:3 Ijyb


Innate Abilities, Weirdness & Mutations

You have very sharp teeth.
Your uncanny sense of smell can sniff out nearby items.
Your experience applies equally to all skills.


Message History

Done exploring.
Done exploring.
There is a stone staircase leading up here.
There is a stone staircase leading down here.
You climb downwards.
Ijyb shouts!
The orc shouts!
Found an escape hatch in the ceiling.
There is a stone staircase leading up here.
You hit Ijyb.
Ijyb is poisoned.
Ijyb is lightly wounded.
The bat closely misses you.
You hit Ijyb.
Ijyb looks even sicker.
You bite Ijyb, but do no damage.
Ijyb is moderately wounded.
The bat hits you but does no damage. Ijyb closely misses you.
You hit Ijyb.
Ijyb looks as sick as possible!
Your bite misses Ijyb.
Ijyb is heavily wounded.
The bat barely misses you. The orc barely misses you.
Ijyb hits you but does no damage.
You hit Ijyb but do no damage.
Ijyb is heavily wounded.
The bat hits you but does no damage. The orc barely misses you.
Ijyb completely misses you.
You hit Ijyb but do no damage.
Ijyb looks as sick as possible!
Ijyb is severely wounded.
The bat hits you. The orc hits you with a +0 mace.
Ijyb hits you with a +0 club.
You completely miss Ijyb.
Ijyb is severely wounded.
The bat hits you. The orc barely misses you. The bat barely misses you.
Ijyb hits you but does no damage.
You hit Ijyb but do no damage.
Ijyb looks as sick as possible!
Ijyb is severely wounded.
The bat hits you but does no damage. The orc closely misses you.
Ijyb zaps a wand.
The bolt of acid hits you!!
Ouch! That really hurt!
* * * LOW HITPOINT WARNING * * *
You hit Ijyb but do no damage. Your punch misses Ijyb.
Ijyb is almost dead.
The orc barely misses you.
Ijyb zaps a wand.
The bolt of acid hits you!
You die...

#..<.....#
#........#
#........#
#........#
#........#
+........+
#...bo...####
#...g@......#
#.........###
#########.# #


You could see Ijyb (extremely poisoned), an orc and a bat.

Vanquished Creatures
  Robin (D:2)
  3 adders (D:2)
  2 endoplasms (D:1)
  4 giant cockroaches
  11 goblins
  7 hobgoblins
  6 jackals (D:1)
  2 quokkas (D:1)
  4 ball pythons
  5 bats
  4 frilled lizards (D:1)
  3 kobolds
  5 rats
57 creatures vanquished.

Notes
Turn   | Place    | Note
-------+----------+-------------------------------------------
     0 | D:1      | Ablot the Gnoll Warper began the quest for the Orb.
     0 | D:1      | Reached XP level 1. HP: 20/20 MP: 6/6
   158 | D:1      | Reached XP level 2. HP: 26/26 MP: 7/7
   161 | D:1      | Learned a level 2 spell: Blink
   494 | D:1      | Reached XP level 3. HP: 31/31 MP: 9/9
   627 | D:1      | Reached skill level 5 in Spellcasting
  1186 | D:1      | Found a bloodstained altar of Trog.
  1231 | D:2      | Reached skill level 1 in Invocations
  1555 | D:2      | Reached skill level 1 in Short Blades
  1555 | D:2      | Reached skill level 1 in Long Blades
  1555 | D:2      | Reached skill level 1 in Axes
  1555 | D:2      | Reached skill level 1 in Maces & Flails
  1555 | D:2      | Reached skill level 1 in Staves
  1555 | D:2      | Reached skill level 1 in Slings
  1555 | D:2      | Reached skill level 1 in Bows
  1555 | D:2      | Reached skill level 1 in Crossbows
  1555 | D:2      | Reached skill level 1 in Stealth
  1555 | D:2      | Reached skill level 1 in Shields
  1555 | D:2      | Reached skill level 1 in Unarmed Combat
  1555 | D:2      | Reached skill level 1 in Evocations
  1810 | D:2      | Reached XP level 4. HP: 38/38 MP: 11/11
  1919 | D:2      | Noticed Robin
  1936 | D:2      | Killed Robin
  1937 | D:2      | Reached skill level 1 in Conjurations
  1937 | D:2      | Reached skill level 1 in Hexes
  1937 | D:2      | Reached skill level 1 in Summonings
  1937 | D:2      | Reached skill level 1 in Necromancy
  1937 | D:2      | Reached skill level 1 in Transmutations
  1937 | D:2      | Reached skill level 1 in Fire Magic
  1937 | D:2      | Reached skill level 1 in Ice Magic
  1937 | D:2      | Reached skill level 1 in Air Magic
  1937 | D:2      | Reached skill level 1 in Earth Magic
  1937 | D:2      | Reached skill level 1 in Poison Magic
  2292 | D:3      | Noticed Ijyb
  2300 | D:3      | Killed from afar by Ijyb

Illustrated notes

Levels and vault maps discovered:
D:1:      dpeg_arrival_lava_altar, layout_basic, serial_bayou_pond_c
D:2:      layout_basic, kennysheep_generic_room_6, uniq_robin
D:3:      layout_basic, mainiacjoe_overflow_six_doors_small,
          hellmonk_ecumenical_altar_arch_garden, hangedman_decor_slide_cut,
          uniq_ijyb

Skill      XL: |  1  2  3  4 |
---------------+-------------+-----
Spellcasting   | 5 |  5.1
Invocations    | 1 |  1.3
Short Blades   | 1 |  1.2
Long Blades    | 1 |  1.2
Axes           | 1 |  1.2
Maces & Flails | 1 |  1.2
Staves         | 1 |  1.2
Slings         | 1 |  1.2
Bows           | 1 |  1.2
Crossbows      | 1 |  1.2
Stealth        | 1 |  1.2
Shields        | 1 |  1.2
Unarmed Combat | 1 |  1.2
Evocations     | 1 |  1.2
Conjurations   | 1 |  1.0
Hexes          | 1 |  1.0
Summonings     | 1 |  1.0
Necromancy     | 1 |  1.0
Transmutations | 1 |  1.0
Fire Magic     | 1 |  1.0
Ice Magic      | 1 |  1.0
Air Magic      | 1 |  1.0
Earth Magic    | 1 |  1.0
Poison Magic   | 1 |  1.0
Fighting       | |  4.7
Polearms       | |  4.7
Throwing       | |  2.8
Armour         | |  2.8
Dodging        | |  4.7
Translocations | |  5.5

Action                   |  1- 3 |  4- 6 || total
-------------------------+-------+-------++-------
Melee: Trident           |    53 |       ||    53
       Bite              |    15 |     3 ||    18
       Spear             |     4 |       ||     4
       Dagger            |    68 |    55 ||   123
       Punch             |       |     1 ||     1
Armor: Leather armour    |    18 |       ||    18
       Ring mail         |    28 |    15 ||    43
Dodge: Dodged            |    69 |    36 ||   105
